 Dungeon Crawl Stone Soup version 0.18.1-8-gdd0e5ea (webtiles) character file.

17056 dvd the Geomancer (level 12, -1/97 HPs)
             Began as a Deep Dwarf Earth Elementalist on May 28, 2016.
             Was a Believer of Elyvilon.
             Killed from afar by a deep elf mage (32 damage)
             ... with a bolt of lightning
             ... on level 11 of the Dungeon.
             The game lasted 01:17:32 (16188 turns).

dvd the Geomancer (Deep Dwarf Earth Elementalist)  Turns: 16188, Time: 01:17:33

Health: -1/97      AC: 12    Str: 16    XL:     12   Next: 15%
Magic:  7/24       EV: 17    Int: 19    God:    Elyvilon [**....]
Gold:   752        SH:  0    Dex: 17    Spells: 4 memorised, 15 levels left

rFire  . . .     SeeInvis .     b - 335 stones
rCold  + . .     Gourm    .     U - +0 leather armour "Cilidugg" {rC+ Str+3}
rNeg   . . .     Faith    .     (no shield)
rPois  .         Spirit   .     S - +2 helmet
rElec  .         Dismiss  +     c - +1 cloak
rCorr  .         Reflect  .     s - +2 pair of gloves
SustAt .         Harm     .     (no boots)
MR     +....                    J - amulet of dismissal
Stlth  +++++.....               H - +3 ring of dexterity
                                h - ring of stealth

@: non-regenerating, somewhat resistant to hostile enchantments, quite stealthy
A: damage resistance, recharge devices, sense surroundings 2, slow regeneration
3
a: Device Recharging, Lesser Healing, Heal Other, Divine Protection, Renounce
Religion


You were on level 11 of the Dungeon.
You worshipped Elyvilon.
Elyvilon was pleased with you.
You were very hungry.

You visited 3 branches of the dungeon, and saw 15 of its levels.

You collected 1027 gold pieces.
You spent 275 gold pieces at shops.

Inventory:

Hand Weapons
 a - a +5 battleaxe of venom
 i - a +1 battleaxe of freezing
 u - a +7 dagger of flaming
 B - a +4 short sword of protection
Missiles
 b - 335 stones (in hand)
Armour
 c - a +1 cloak (worn)
 s - a +2 pair of gloves (worn)
 C - a +0 leather armour of cold resistance
 S - a +2 helmet (worn)
 U - the +0 leather armour "Cilidugg" (worn) {rC+ Str+3}
   (You found it on level 8 of the Dungeon)

   It affects your strength (+3).
   It protects you from cold.
Jewellery
 h - a ring of stealth (left hand)
 G - an uncursed ring of flight
 H - a +3 ring of dexterity (right hand)
 J - an amulet of dismissal (around neck)
 W - an uncursed ring of protection from cold
Wands
 d - a wand of heal wounds (3/9)
 t - a wand of polymorph (9/24)
 y - a wand of digging (10/24)
 D - a wand of slowing (7/48)
 E - a wand of flame (13/48)
 F - a wand of acid (10/15)
 I - a wand of acid (11/15)
 M - a wand of flame (12/48)
 N - a wand of paralysis (9/24)
 O - a wand of flame (29/48)
 Q - a wand of slowing (13/48)
 T - a wand of flame (29/48)
 Z - a wand of acid (4/15)
Scrolls
 e - a scroll of amnesia
 m - 19 scrolls of identify
 K - 3 scrolls of remove curse
 P - a scroll of blinking
 X - 2 scrolls of holy word
Potions
 k - 5 potions of curing
 p - 4 potions of flight
 r - 2 potions of cancellation
 z - a potion of heal wounds
 A - 2 potions of might
 R - a potion of invisibility
 Y - 2 potions of brilliance
Books
 j - a book of Annihilations

   Spells                             Type                      Level
   a - Poison Arrow                   Conjuration/Poison           6
   b - Chain Lightning                Conjuration/Air              8
   c - Lehudib's Crystal Spear        Conjuration/Earth            8
   d - Glaciate                       Conjuration/Ice              9
   e - Fire Storm                     Conjuration/Fire             9
 l - a book of Burglary

   Spells                             Type                      Level
   a - Swiftness                      Charms/Air                   2
   b - Passwall                       Transmutation/Earth          2
   c - Passage of Golubria            Translocation                4
   d - Lee's Rapid Deconstruction     Earth                        5
   e - Darkness                       Hexes                        6
   f - Invisibility                   Hexes                        6
 n - a book of Debilitation

   Spells                             Type                      Level
   a - Corona                         Hexes                        1
   b - Slow                           Hexes                        2
   c - Gell's Gravitas                Hexes/Translocation          3
   d - Inner Flame                    Hexes/Fire                   3
   e - Cause Fear                     Hexes                        4
   f - Leda's Liquefaction            Hexes/Earth                  4
 w - a book of Clouds

   Spells                             Type                      Level
   a - Mephitic Cloud                 Conjuration/Poison/Air       3
   b - Conjure Flame                  Conjuration/Fire             3
   c - Poisonous Cloud                Conjuration/Poison/Air       6
   d - Freezing Cloud                 Conjuration/Ice/Air          6
   e - Ring of Flames                 Charms/Fire                  7
 x - a book of Summonings

   Spells                             Type                      Level
   a - Recall                         Summoning/Translocation      3
   b - Aura of Abjuration             Summoning                    5
   c - Summon Demon                   Summoning                    5
   d - Summon Forest                  Summoning/Translocation      5
   e - Summon Mana Viper              Hexes/Summoning              5
   f - Shadow Creatures               Summoning                    6
Comestibles
 f - 3 bread rations
 g - 4 beef jerkies
 o - 4 meat rations
 L - 22 fruits


   Skills:
 + Level 3.5 Fighting
 + Level 1.5 Short Blades
 + Level 4.7 Axes
 + Level 4.3 Armour
 + Level 7.9 Dodging
 + Level 8.0 Stealth
 + Level 8.9 Spellcasting
 + Level 3.7 Conjurations
 + Level 0.8 Transmutations
 + Level 13.4 Earth Magic
 * Level 7.1 Invocations
 + Level 3.1 Evocations


You had 15 spell levels left.
You knew the following spells:

 Your Spells              Type           Power        Failure   Level  Hunger
a - Sandblast             Erth           ######       1%          1    None
b - Stone Arrow           Conj/Erth      #####.       1%          3    None
c - Lee's Rapid Deconstr  Erth           ######....   1%          5    #####..
d - Petrify               Trmt/Erth      #####...     8%          4    ###....


Dungeon Overview and Level Annotations

Branches:
Dungeon (11/15)            Temple (1/1) D:6            Lair (3/8) D:10
  Swamp: Lair:3-6    Shoals: Lair:3-6     Snake: Lair:3-6    Spider: Lair:3-6
    Orc: D:9-12

Altars:
Ashenzari
Cheibriados
Dithmenos
Elyvilon
Fedhas
Gozag
Kikubaaqudgha
Makhleb
Nemelex Xobeh
Okawaru
Pakellas
Qazlal
Ru
Sif Muna
Trog
Vehumet
Xom
Yredelemnul
Zin
The Shining One

Shops:
D:4 ?   D:8 (   D:10 %*%

Annotations:
Lair:3 Rupert


Innate Abilities, Weirdness & Mutations

You are resistant to damage.
You can recharge devices by infusing magical energy.
You passively map the area around you.
You do not regenerate naturally.


Message History

Aim: a deep elf mage, wielding a dagger and wearing a leather armour The stone arrow misses the deep elf mage.
The deep elf mage points at you and mumbles some strange words.
The bolt of lightning hits you!
The swamp drake moves out of view.
The deep elf mage casts a spell at you. The bolt of lightning misses you.
Wield which item (- for none, * to show all)? (? for menu, Esc to quit)
Your +5 battleaxe of venom stops dripping with poison.
b - 336 stones (in hand)
The deep elf mage hits you but does no damage.
Casting: Stone Arrow
Confirm with . or Enter, or press ? or * to list all spells.
Aiming: Sandblast
Press: ? - help, Shift-Dir - straight line, f/p - deep elf mage
Aim: a deep elf mage, wielding a dagger and wearing a leather armour The rocky blast hits the deep elf mage.
The deep elf mage is severely wounded.
The deep elf mage points at you and mumbles some strange words.
The bolt of lightning hits you!
You die...

.## ##..### * ,** ##
##..## # #..## # ##..#
####..## , , * ##....# # *
.....## .## ## .....#
########..#### .## .....##
#...@oo.o....., ..#
......#####
#..e.........., ..#
..........###)######k'####
*..# #.............# ,
...# ..# ##............#*
' , ).'. ##W.#
#............# , , .##
#..# #....#########* , , #
#ZS## #....# * ', , *#...#
#...## , * *#H..#


You could see a deep elf mage, a swamp drake, an orc wizard and 2 orcs.

Vanquished Creatures
  The ghost of Shenda the Transmogrifier, a novice DrTm of Qazlal (D:10)
  An unseen horror (D:11)
  A hill giant (D:10)
  Maurice (D:11)
  2 spiny frogs (Lair:2)
  3 komodo dragons
  A kobold demonologist (D:11)
  3 trolls
  Prince Ribbit (D:5)
  6 blink frogs
  A slime creature (D:9)
  A wyvern (D:8)
  25 yaks
  2 hippogriffs
  A basilisk (Lair:2)
  A steam dragon (D:10)
  A hungry ghost (D:7)
  4 water moccasins
  4 porcupines
  Duvessa (D:6)
  3 sky beasts
  2 orc warriors
  3 ice beasts
  A necrophage (D:10)
  2 black bears
  6 ogres
  A phantom (D:5)
  3 centaurs
  2 big kobolds
  5 crocodiles
  4 giant frogs
  7 scorpions
  Dowan (D:6)
  A water moccasin skeleton (D:6)
  8 wights
  8 killer bees
  6 howler monkeys
  7 jellies
  A giant frog zombie (D:6)
  4 crimson imps
  A centaur zombie (D:6)
  4 giant frog skeletons
  2 orc priests (D:8)
  5 orc wizards
  2 iguanas
  11 worker ants
  3 hound zombies
  2 hound skeletons (D:6)
  4 worker ant zombies
  A howler monkey zombie (D:5)
  9 gnolls
  A howler monkey skeleton (D:6)
  9 adders
  6 river rats (Lair:2)
  2 shadow imps
  An ooze (D:5)
  2 adder skeletons
  4 worms
  A dart slug (D:3)
  5 giant geckos
  25 orcs
  3 giant cockroaches
  13 goblins
  6 hobgoblins
  9 jackals
  9 kobolds
  3 quokkas
  A ball python (D:4)
  21 bats
  2 giant gecko skeletons
  3 giant gecko zombies
  5 giant newts
  2 jackal zombies (D:6)
  3 quokka skeletons
  2 quokka zombies (D:6)
  17 rats
  A butterfly (Lair:2)
  2 fungi
  A withered plant (D:6)
339 creatures vanquished.

Vanquished Creatures (collateral kills)
  A crocodile (Lair:1)
1 creature vanquished.

Vanquished Creatures (others)
  A giant frog (Lair:2)
  2 wights (D:11)
  2 orc wizards (D:11)
  4 orcs (D:11)
  A rat (D:10)
  A fungus (Lair:1)
11 creatures vanquished.

Grand Total: 351 creatures vanquished

Notes
Turn   | Place    | Note
--------------------------------------------------------------
     0 | D:1      | dvd the Deep Dwarf Earth Elementalist began the quest for the Orb.
     0 | D:1      | Reached XP level 1. HP: 15/15 MP: 3/3
   496 | D:1      | Reached XP level 2. HP: 19/22 MP: 2/4
  1127 | D:2      | Found a shattered altar of Ashenzari.
  1189 | D:2      | Reached XP level 3. HP: 24/28 MP: 3/6
  1194 | D:2      | Learned a level 3 spell: Stone Arrow
  1247 | D:2      | You fall through a shaft for 2 floors!
  1321 | D:4      | Noticed an ogre
  1347 | D:4      | Killed an ogre
  1347 | D:4      | Reached skill level 5 in Earth Magic
  1347 | D:4      | Reached XP level 4. HP: 31/36 MP: 1/8
  1653 | D:4      | Reached XP level 5. HP: 25/42 MP: 6/9
  2628 | D:3      | Found a glowing golden altar of the Shining One.
  3144 | D:3      | Gained mutation: You tend to lose your temper in combat. [potion of mutation]
  3144 | D:3      | Gained mutation: You are frail (-10% HP). [potion of mutation]
  3144 | D:3      | Gained mutation: You are weak. (Str -2) [potion of mutation]
  3251 | D:4      | Reached XP level 6. HP: 25/45 MP: 8/11
  3480 | D:4      | Found Asiskih's Magic Scroll Shoppe.
  3569 | D:5      | Entered Level 5 of the Dungeon
  3862 | D:5      | Noticed Prince Ribbit
  3870 | D:5      | Killed Prince Ribbit
  3870 | D:5      | Reached skill level 1 in Axes
  3870 | D:5      | Reached skill level 1 in Conjurations
  3870 | D:5      | Reached skill level 6 in Earth Magic
  3876 | D:5      | Reached XP level 7. HP: 17/50 MP: 4/13
  4096 | D:5      | Found a sparkling altar of Nemelex Xobeh.
  4699 | D:6      | Reached skill level 1 in Fighting
  4699 | D:6      | Reached skill level 5 in Stealth
  4699 | D:6      | Reached skill level 7 in Earth Magic
  4840 | D:6      | Found a staircase to the Ecumenical Temple.
  4849 | Temple   | Entered the Ecumenical Temple
  5130 | D:6      | Found a snail-covered altar of Cheibriados.
  5140 | D:6      | Found a blossoming altar of Fedhas.
  5141 | D:6      | Found a bloodstained altar of Trog.
  5142 | D:6      | Found a burning altar of Makhleb.
  5143 | D:6      | Found a white marble altar of Elyvilon.
  5149 | D:6      | Became a worshipper of Elyvilon the Healer
  5209 | D:6      | Reached XP level 8. HP: 28/57 MP: 6/14
  5464 | D:6      | Noticed Duvessa
  5466 | D:6      | Noticed Dowan
  5491 | D:5      | Learned a level 5 spell: Lee's Rapid Deconstruction
  5595 | D:6      | Reached skill level 1 in Evocations
  5600 | D:6      | Reached skill level 5 in Spellcasting
  5600 | D:6      | Reached skill level 8 in Earth Magic
  6179 | D:6      | Killed Dowan
  6202 | D:6      | Killed Duvessa
  6202 | D:6      | Reached skill level 5 in Dodging
  6311 | D:6      | Gained mutation: You passively map the area around you. [Deep Dwarf growth]
  6311 | D:6      | Reached XP level 9. HP: 28/66 MP: 17/17
  6635 | D:7      | Reached * piety under Elyvilon
  6700 | D:7      | Found an ancient bone altar of Kikubaaqudgha.
  6906 | D:7      | Reached skill level 9 in Earth Magic
  6991 | D:7      | Reached skill level 1 in Armour
  7322 | D:7      | Found a shimmering altar of Xom.
  8119 | D:8      | Reached skill level 1 in Invocations
  8388 | D:7      | Reached skill level 10 in Earth Magic
  8869 | D:8      | Found a sparkling altar of Nemelex Xobeh.
  8869 | D:8      | Found an opulent altar of Gozag.
  8907 | D:8      | Reached XP level 10. HP: 64/73 MP: 10/19
  8981 | D:8      | Found Kyvunext's Weapon Shop.
  9024 | D:8      | Got a bronze leather armour
  9035 | D:8      | Identified the cursed +0 leather armour "Cilidugg" {rC+ Str+3} (You found it on level 8 of the Dungeon)
  9208 | D:8      | Found a radiant altar of Vehumet.
  9218 | D:8      | Reached skill level 1 in Short Blades
  9542 | D:9      | Reached ** piety under Elyvilon
  9991 | D:9      | Found a radiant altar of Vehumet.
 10541 | D:10     | Entered Level 10 of the Dungeon
 10632 | D:10     | Found Raasab's Food Boutique.
 10632 | D:10     | Found Fecsav's General Store.
 10643 | D:10     | Bought a potion of cure mutation for 275 gold pieces
 10649 | D:10     | Lost mutation: You are weak. (Str -2) [potion of cure mutation]
 10649 | D:10     | Lost mutation: You are frail (-10% HP). [potion of cure mutation]
 10649 | D:10     | Lost mutation: You tend to lose your temper in combat. [potion of cure mutation]
 10783 | D:10     | Noticed a hill giant
 10791 | D:10     | Killed a hill giant
 10791 | D:10     | Reached skill level 11 in Earth Magic
 11763 | D:10     | Noticed Shenda's ghost (novice DrTm)
 12033 | D:10     | Killed Shenda's ghost
 12033 | D:10     | Reached XP level 11. HP: 44/90 MP: 1/22
 12646 | D:10     | Found Dock's Food Shoppe.
 12673 | D:10     | Found a staircase to the Lair.
 12684 | Lair:1   | Entered Level 1 of the Lair of Beasts
 12755 | Lair:1   | Reached skill level 12 in Earth Magic
 13382 | Lair:1   | Reached skill level 5 in Invocations
 13583 | Lair:1   | You fall through a shaft!
 14193 | Lair:2   | Reached skill level 13 in Earth Magic
 15325 | Lair:3   | Noticed Rupert
 15332 | Lair:3   | Paralysed by Rupert for 3 turns
 15454 | D:11     | Noticed Maurice
 15459 | D:11     | Killed Maurice
 15466 | D:11     | Reached XP level 12. HP: 34/97 MP: 4/24
 15504 | D:11     | Learned a level 4 spell: Petrify
 16188 | D:11     | Killed from afar by a deep elf mage

Skill      XL: |  1  2  3  4  5  6  7  8  9 10 11 12 |
---------------+-------------------------------------+-----
Spellcasting   | 2 3 4 5 6 7 8 |  8.9
Stealth        | 3 4 5 6 7 8 |  8.0
Earth Magic    | 5 6 7 8 10 11 13 | 13.4
Axes           | 1 2 3 4 |  4.7
Dodging        | 3 4 5 6 7 |  7.9
Conjurations   | 1 2 3 |  3.7
Fighting       | 1 2 3 |  3.5
Evocations     | 1 2 3 |  3.1
Armour         | 2 3 4 |  4.3
Invocations    | 1 3 6 7 |  7.1
Short Blades   | 1 |  1.5
Transmutations | |  0.8

Action                   |  1- 3 |  4- 6 |  7- 9 | 10-12 || total
-------------------------+-------+-------+-------+-------++-------
Melee: Unarmed           |     1 |       |       |       ||     1
       Dagger            |    13 |    27 |    57 |    76 ||   173
       War axe           |       |    45 |   126 |    25 ||   196
       Hand axe          |       |       |       |    27 ||    27
       Battleaxe         |       |       |       |    25 ||    25
 Cast: Sandblast         |    41 |    50 |   105 |   117 ||   313
       Stone Arrow       |     2 |    21 |    54 |   130 ||   207
       Lee's Rapid Decon |       |       |     6 |    24 ||    30
Invok: Lesser Healing    |       |       |    25 |    66 ||    91
       Heal Other        |       |       |       |    14 ||    14
Evoke: Wand              |       |     1 |     6 |    26 ||    33
  Use: Scroll            |     4 |     5 |     6 |    15 ||    30
       Potion            |       |     5 |     5 |     8 ||    18
 Stab: Sleeping          |     7 |     7 |    18 |    20 ||    52
       Confused          |       |       |       |     1 ||     1
       Distracted        |       |       |       |     3 ||     3
  Eat: Chunk             |     2 |    11 |    25 |    29 ||    67
       Meat ration       |       |       |       |     2 ||     2
       Pizza             |       |       |       |     2 ||     2
       Royal jelly       |       |       |       |     1 ||     1
       Fruit             |       |       |       |     2 ||     2
Armor: Robe              |     3 |    25 |    45 |       ||    73
       Leather armour    |       |       |    37 |   113 ||   150
Dodge: Dodged            |    16 |    94 |   215 |   327 ||   652
